Map: Arctic Dream LE

Players

Zergatul - Winner!

  • Race: Protoss Protoss
  • League: Diamond
  • Spawn Location: 5:00

Kepons - Winner!

  • Race: Terran Terran
  • League: Diamond
  • Spawn Location: 6:00

Massa

  • Race: Terran Terran
  • League: Platinum
  • Spawn Location: 11:00

qqq

  • Race: Zerg Zerg
  • League: Platinum
  • Spawn Location: 12:00

VOD

Have the link to the VOD?

Description

Time

  • Played on: Nov. 23, 2020, 3:58 p.m.
  • Length: 8:22
Show
View Real Time Build Order
Export as new Build Order

Zergatul Protoss - Winner!

Build Orders: 1 Gate Expand, Forge Fast Expand (FFE), Phoenix Opening 

Get SALT Encoding   

  12  0:09  Pylon  
  12  0:12  Probe (Chrono Boost)  
  14  0:22  Probe (Chrono Boost)  
  14  0:27  Probe (Chrono Boost)  
  15  0:36  Gateway  
  15  0:40  Probe  
  16  0:56  Probe  
  17  0:57  Forge  
  17  1:20  Probe  
  18  1:35  Nexus  
  18  1:42  Cybernetics Core  
  18  1:44  Assimilator  
  18  1:51  Assimilator  
  18  2:01  Photon Cannon  
  18  2:04  Probe (Chrono Boost)  
  19  2:14  Probe (Chrono Boost)  
  20  2:19  Probe (Chrono Boost)  
  21  2:22  Adept  
  23  2:32  Warp Gate (Chrono Boost)  
  23  2:43  Pylon  
  23  2:48  Gateway  
  23  2:53  Pylon  
  23  2:55  Sentry  
  23  2:58  Probe  
  26  3:03  Probe  
  27  3:10  Probe  
  28  3:15  Probe  
  29  3:23  Gateway  
  29  3:26  Probe  
  30  3:35  Stalker  
  30  3:39  Sentry  
  35  3:44  Probe (Chrono Boost)  
  35  3:45  Probe (Chrono Boost)  
  36  3:51  Phoenix  
  37  3:56  Probe (Chrono Boost)  
  37  3:58  Probe (Chrono Boost), Shield Battery  
  38  4:06  Robotics Facility  
  38  4:09  Probe  
  39  4:11  Probe  
  40  4:24  Stalker  
  42  4:25  Stalker  
  42  4:29  Probe (Chrono Boost)  
  45  4:31  Assimilator  
  45  4:32  Probe (Chrono Boost)  
  47  4:41  Probe (Chrono Boost)  
  47  4:43  Probe (Chrono Boost)  
  47  4:44  Sentry  
  50  4:48  Probe (Chrono Boost)  
  50  4:51  Assimilator  
  52  4:56  Probe (Chrono Boost)  
  51  5:09  Probe x2  
  53  5:15  Pylon  
  53  5:27  Pylon  
  53  5:33  Nexus  
  53  5:34  Immortal  
  53  5:35  Probe  
  58  5:45  Photon Cannon  
  58  5:56  Sentry x3  
  64  6:02  Probe  
  64  6:03  Probe  
  54  6:15  Probe x2  
  56  6:23  Sentry x2  
  56  6:24  Sentry  
  56  6:37  Probe x2  
  57  6:48  Stalker  
  57  6:49  Stalker  
  57  6:50  Stalker  
  57  6:53  Probe (Chrono Boost)  
  64  6:59  Probe (Chrono Boost)  
  64  7:03  Probe (Chrono Boost)  
  64  7:05  Pylon  
  64  7:06  Immortal  
  64  7:07  Probe (Chrono Boost)  
  70  7:11  Probe  
  69  7:18  Probe  
  69  7:20  Pylon  
  69  7:22  Pylon  
  70  7:23  Probe  
  71  7:41  Probe  
  71  7:42  Probe  
  71  7:43  Stalker x3  
  73  7:45  Warp Prism  
  73  7:54  Probe  
  74  7:59  Nexus  
  74  8:02  Pylon  
  74  8:08  Probe x2  
  76  8:15  Photon Cannon  
  76  8:19  Shield Battery  
  76  8:20  Stargate x2  
  76  8:21  Gateway  
Show
View Real Time Build Order
Export as new Build Order

Kepons Terran - Winner!

Build Orders:  

Get SALT Encoding   

  12  0:00  SCV  
  13  0:12  SCV  
  14  0:19  Supply Depot  
  14  0:24  SCV  
  15  0:35  Refinery  
  15  0:41  SCV  
  16  0:44  Barracks  
  16  0:53  SCV  
  17  1:05  SCV  
  18  1:17  SCV  
  19  1:31  Orbital Command  
  19  1:32  Marine  
  20  1:36  Refinery  
  20  1:49  Command Center  
  20  1:56  Marine  
  20  1:57  SCV  
  22  2:09  SCV, Supply Depot  
  23  2:30  SCV, Marine  
  23  2:33  Factory  
  25  2:42  SCV  
  26  2:47  Refinery  
  26  2:48  Marine  
  26  2:50  Supply Depot  
  27  3:00  SCV  
  27  3:01  Orbital Command  
  27  3:05  Refinery  
  28  3:15  SCV  
  28  3:17  Factory Tech Lab  
  29  3:22  Starport  
  29  3:27  SCV x2  
  31  3:37  Siege Tank  
  31  3:39  SCV x2  
  36  3:52  SCV  
  36  3:53  SCV  
  38  4:00  Starport, Starport Tech Lab  
  38  4:06  Fusion Core  
  38  4:09  SCV  
  40  4:10  SCV  
  40  4:18  Supply Depot  
  40  4:21  SCV  
  41  4:26  Supply Depot  
  41  4:27  SCV, Starport Tech Lab  
  42  4:32  Siege Tank  
  42  4:33  SCV  
  46  4:51  SCV  
  47  4:55  SCV  
  47  4:59  Battlecruiser x2  
  60  5:12  SCV  
  60  5:13  SCV  
  62  5:16  Supply Depot  
  62  5:18  Weapon Refit  
  62  5:19  Siege Tank  
  65  5:24  SCV  
  65  5:25  SCV  
  67  5:34  Engineering Bay  
  67  5:36  SCV  
  67  5:37  SCV  
  67  5:40  Armory  
  67  5:41  Armory  
  69  5:44  Supply Depot  
  69  5:48  SCV  
  69  5:49  SCV  
  71  6:00  SCV  
  71  6:01  SCV  
  70  6:32  Siege Tank  
  65  6:33  Battlecruiser  
  65  6:34  Battlecruiser  
  77  6:51  SCV  
  77  6:52  SCV  
  79  7:04  SCV  
  79  7:05  SCV  
  54  7:16  Siege Tank  
  57  7:35  SCV  
  57  7:36  SCV  
  52  7:48  SCV  
  52  7:49  SCV  
  51  8:00  SCV, Supply Depot  
  51  8:01  SCV  
Show
View Real Time Build Order
Export as new Build Order

Massa Terran 

Build Orders: Reaper Expand 

Get SALT Encoding   

  12  0:00  SCV  
  13  0:12  SCV  
  14  0:17  Supply Depot  
  14  0:24  SCV  
  15  0:39  SCV  
  15  0:40  Barracks  
  16  0:47  Refinery  
  16  0:51  SCV  
  17  1:03  SCV  
  18  1:15  SCV  
  19  1:30  Reaper  
  21  1:33  Orbital Command  
  20  1:45  Command Center  
  20  1:56  Supply Depot  
  20  2:00  SCV  
  21  2:02  Marine  
  22  2:12  Barracks  
  22  2:13  SCV  
  23  2:26  Factory  
  23  2:30  SCV  
  24  2:42  SCV  
  25  2:47  Barracks Tech Lab  
  25  2:54  SCV  
  25  2:56  Orbital Command  
  26  3:01  Barracks  
  26  3:07  SCV  
  26  3:08  Supply Depot  
  26  3:12  Barracks Reactor  
  27  3:13  Factory Tech Lab  
  27  3:19  SCV  
  28  3:23  Stimpack  
  28  3:24  SCV  
  29  3:30  Marauder  
  29  3:31  SCV  
  32  3:36  SCV  
  33  3:51  Marine  
  33  3:52  Marine x3  
  37  3:58  Refinery  
  37  3:59  Engineering Bay  
  37  4:01  SCV  
  37  4:02  SCV  
  39  4:05  Refinery  
  39  4:07  Refinery  
  39  4:08  Marine  
  39  4:09  Marine x2  
  40  4:10  Marine  
  40  4:14  SCV x2  
  40  4:15  Siege Tank  
  48  4:26  SCV x2, Marine  
  48  4:27  Marine  
  48  4:29  Missile Turret  
  52  4:32  Marine x2  
  54  4:52  Missile Turret, Supply Depot x2  
  54  5:00  Missile Turret  
  54  5:09  Starport  
  54  5:13  Marine x3, Siege Tank  
  54  5:14  Marauder  
  62  5:15  SCV x2  
  62  5:16  Supply Depot  
  64  5:22  Combat Shield  
  64  5:27  SCV  
  65  5:31  Marine x3  
  65  5:35  Marauder  
  70  5:37  Terran Infantry Weapons Level 1  
  70  5:41  SCV x2  
  72  5:49  Marine, Medivac  
  75  5:53  SCV x2  
  77  6:05  SCV  
  77  6:25  Marauder  
  72  6:39  Missile Turret  
  69  6:43  Missile Turret  
  69  6:51  Missile Turret x2  
  69  6:54  Missile Turret  
  69  7:06  Command Center  
  61  7:17  Marauder, Marine x3  
  66  7:35  Marine x3  
  66  7:38  Marauder  
  55  7:50  Missile Turret x2  
  46  7:53  Missile Turret  
  46  7:54  Marine  
  46  7:55  Marine x2  
  46  7:56  Missile Turret  
  52  7:59  Marine  
  52  8:01  Command Center  
  52  8:05  Missile Turret  
  53  8:06  Starport Reactor  
  53  8:07  Missile Turret x3  
  53  8:08  Missile Turret  
Show
View Real Time Build Order
Export as new Build Order

qqq Zerg 

Build Orders: Hatch First, Zergling Baneling 

Get SALT Encoding   

  12  0:04  Drone  
  13  0:08  Drone  
  14  0:27  Overlord  
  14  0:43  Hatchery  
  13  0:50  Drone  
  13  0:51  Drone  
  15  1:01  Drone x2  
  17  1:16  Spawning Pool  
  16  1:46  Drone  
  17  1:47  Drone x2, Extractor  
  18  2:18  Extractor  
  17  2:23  Queen  
  17  2:24  Queen  
  17  2:25  Drone  
  17  2:26  Drone x2  
  17  2:27  Drone  
  17  2:28  Drone  
  26  2:30  Drone  
  27  2:41  Hatchery  
  26  2:46  Overlord  
  26  2:49  Drone  
  27  2:52  Zergling x2  
  27  2:58  Metabolic Boost  
  28  3:08  Zergling x2  
  28  3:09  Overlord  
  28  3:10  Zergling x2  
  28  3:12  Zergling x2  
  31  3:19  Baneling Nest  
  30  3:20  Drone  
  30  3:24  Zergling x2  
  32  3:27  Zergling x2  
  33  3:36  Zergling x2  
  33  3:37  Zergling x4  
  33  3:39  Zergling x2  
  33  3:40  Zergling x2  
  38  3:44  Drone  
  38  3:47  Overlord  
  39  3:50  Zergling x2  
  39  3:53  Zergling x2  
  41  4:03  Zergling x4  
  41  4:04  Zergling x2  
  44  4:12  Baneling x6  
  44  4:14  Zergling x4  
  46  4:17  Drone  
  46  4:18  Drone  
  46  4:21  Zergling x2  
  49  4:31  Baneling x2  
  49  4:35  Zergling x6  
  49  4:36  Zergling x4  
  54  4:40  Overlord  
  54  4:43  Baneling  
  54  5:03  Queen  
  54  5:04  Zergling x6  
  55  5:10  Baneling  
  55  5:11  Baneling x2  
  55  5:17  Baneling  
  55  5:18  Zergling x4  
  55  5:19  Zergling x10  
  55  5:20  Zergling x2  
  55  5:21  Zergling x2  
  64  5:28  Baneling  
  64  5:31  Extractor  
  63  5:36  Baneling  
  58  5:58  Zergling x8  
  58  5:59  Zergling x10  
  58  6:00  Zergling x2  
  65  6:09  Zergling x2  
  65  6:10  Zergling x2  
  66  6:14  Overlord x2  
  66  6:15  Overlord x2  
  58  6:29  Zergling x2  
  58  6:30  Zergling x6  
  58  6:37  Zergling x2  
  58  6:38  Zergling x4  
  51  6:51  Zergling x2  
  46  6:57  Spore Crawler  
  46  6:59  Spore Crawler  
  34  7:01  Spore Crawler  
  34  7:06  Drone x2  
  34  7:07  Drone  
  35  7:14  Queen  
  35  7:15  Spore Crawler  
  27  7:29  Drone x2  
  28  7:31  Zergling x2  
  29  7:39  Drone  
  29  7:40  Drone  
  28  7:59  Drone x3  
Tags
 
Add a new tag
Caveats
  • Supply blocks, unpowered buildings, or Contaminate may cause inaccurate times.
  • Supply counts are checked every 10 seconds.